 Dungeon Crawl Stone Soup version 0.26-a0-466-g989023bd0d (webtiles) character file.

Game seed: 14391683632523313996

163 twist the Skirmisher (level 5, -5/44 HPs)
             Began as a Palentonga Fighter on Aug 6, 2020.
             Slain by Grinder (7 damage)
             ... on level 3 of the Dungeon.
             The game lasted 00:03:45 (2266 turns).

twist the Skirmisher (Palentonga Fighter)           Turns: 2266, Time: 00:03:46

Health: -5/44      AC:  7    Str: 19    XL:     5   Next: 20%
Magic:  5/5        EV:  5    Int:  8    God:
Gold:   115        SH:  9    Dex: 11    Spells: 4/4 levels left

rFire    . . .     SeeInvis +   a - +0 war axe
rCold    . . .     Faith    .   c - +0 kite shield
rNeg     . . .     Spirit   .   b - +1 scale mail
rPois    .         Reflect  .   (no helmet)
rElec    .         Harm     .   (no cloak)
rCorr    .                      (no gloves)
MR       .....                  (boots restricted)
Stlth    ..........             f - amulet of regeneration
HPRegen  0.54/turn              (no ring)
MPRegen  0.09/turn              (no ring)

@: no status effects
A: large, rugged brown scales 3, see invisible, deformed body, roll, armoured
tail
a: Rolling Charge


You were on level 3 of the Dungeon.
You visited 1 branch of the dungeon, and saw 3 of its levels.

You collected 115 gold pieces.

Inventory:

Hand Weapons
 a - a +0 war axe (weapon)
Armour
 b - a +1 scale mail (worn)
 c - a +0 kite shield (worn)
Jewellery
 f - an amulet of regeneration (around neck)
Scrolls
 n - a scroll of magic mapping
Potions
 d - 3 potions of might
 e - a potion of magic {unknown}
 g - a potion of invisibility {unknown}
 h - a potion of brilliance
 i - 2 potions of heal wounds {unknown}
 j - a potion of flight


   Skills:
 + Level 3.9 Fighting
 + Level 3.2 Axes
 + Level 3.2 Armour
 + Level 3.2 Shields


You had 4 spell levels left.
You didn't know any spells.
Your spell library was empty.

Dungeon Overview and Level Annotations

Branches:
Dungeon (3/15)

Altars:
Qazlal

Annotations:
D:3 Grinder


Innate Abilities, Weirdness & Mutations

You are completely covered in rugged brown scales. (AC +3, +7% HP)
You have supernaturally acute eyesight. (SInv)
Armour fits poorly on your strangely shaped body.
You can roll at foes to attack.
You have a long armoured tail.


Message History

Grinder hits you.
* * * LOW HITPOINT WARNING * * *
You writhe in agony.
* * * LOW HITPOINT WARNING * * *
You barely miss Grinder.
Grinder is moderately wounded.
Grinder hits you but does no damage.
You hit Grinder.
Grinder is heavily wounded.
Grinder hits you but does no damage. Grinder hits you.
* * * LOW HITPOINT WARNING * * *
You writhe in agony.
* * * LOW HITPOINT WARNING * * *
You slash Grinder!
Your tail-slap misses Grinder.
Grinder is severely wounded.
You block Grinder's attack.
You hit Grinder.
Grinder is almost dead.
Grinder hits you!
You die...

...........#***#.#
...........# #.# ***
..÷........### #.# *,#
...÷.....#...###.####.#
......##.#.#..........#
##.##..............#*,*
...........<#..#.###*,*
##.#.#....###..#.# *,*
#....+....# #..#@# *,*
...#.#....# #..#5# *,*
...#.#....# #..#.# *,*
....>#....# #..#)# *,*
...#.##.### #..#.# *,*
.....##.#
####.#***,*****
........###
#..,,,,,,,,*
..........#
###*********
####......######


You could see Grinder.

Vanquished Creatures
  A worker ant (D:3)
  7 adders
  2 oozes
  A worm (D:2)
  3 dart slugs
  A leopard gecko (D:2)
  A ball python (D:2)
  4 giant cockroaches
  5 goblins
  7 hobgoblins
  6 jackals (D:3)
  6 kobolds
  2 quokkas (D:2)
  4 bats
  3 frilled lizards
  7 rats
60 creatures vanquished.

Notes
Turn   | Place    | Note
-------+----------+-------------------------------------------
     0 | D:1      | twist the Palentonga Fighter began the quest for the Orb.
     0 | D:1      | Reached XP level 1. HP: 19/19 MP: 1/1
   286 | D:1      | Reached XP level 2. HP: 24/25 MP: 2/2
   758 | D:2      | Reached XP level 3. HP: 23/31 MP: 3/3
  1187 | D:2      | Reached XP level 4. HP: 37/37 MP: 4/4
  1866 | D:3      | Found a stormy altar of Qazlal.
  2049 | D:3      | Reached XP level 5. HP: 44/44 MP: 5/5
  2250 | D:3      | Noticed Grinder
  2264 | D:3      | HP: 1/44 [Grinder (5)]
  2266 | D:3      | Slain by Grinder

Illustrated notes

Levels and vault maps discovered:
D:1:      lightli_arrival_statuegarden, layout_basic
D:2:      layout_basic
D:3:      layout_basic, grunt_qazlal_sundering, uniq_grinder

Skill      XL: |  1  2  3  4 |
---------------+-------------+-----
Armour         | 3 |  3.2
Shields        | 3 |  3.2
Axes           | 3 |  3.2
Fighting       | |  3.9

Action                   |  1- 3 |  4- 6 || total
-------------------------+-------+-------++-------
Melee: War axe           |    97 |    92 ||   189
       Tailslap          |     2 |     8 ||    10
 Abil: Rolling Charge    |       |     1 ||     1
  Use: Scroll            |       |     7 ||     7
Armor: Scale mail        |    51 |    42 ||    93
Dodge: Dodged            |    21 |    27 ||    48
Block: Kite shield       |    51 |    48 ||    99

Table legend: (Time is in decaauts)
 A = Elapsed time spent in this place.
 B = Non-inter-level travel time spent in this place.
 C = Inter-level travel time spent in this place.
 D = Time resting spent in this place.
 E = Time spent auto-exploring this place.
 F = Levels seen in this place.
 G = Mean time per level.
                   A        B        C        D        E       F      G
               +--------+--------+--------+--------+--------+-----+--------+
         Total |   2348 |   2283 |     65 |    242 |   1546 |   3 |  782.7 |
       Dungeon |   2348 |   2283 |     65 |    242 |   1546 |   3 |  782.7 |
               +--------+--------+--------+--------+--------+-----+--------+

Top non-repeatable levels by time:
     D:2: 1188 daAuts
     D:1: 670 daAuts
     D:3: 489 daAuts
